 Dungeon Crawl Stone Soup version 0.19-a0-749-g66ae36b (webtiles) character file.

4008 Implojin the Grappler (level 10, -12/102 HPs)
             Began as a Troll Fighter on June 24, 2016.
             Was an Elder of Okawaru.
             Mangled by a death knight
             ... wielding a +0 morningstar
              (21 damage)
             ... on level 11 of the Dungeon.
             The game lasted 00:10:24 (1685 turns).

Implojin the Grappler (Troll Fighter)               Turns: 1685, Time: 00:10:25

Health: -12/102    AC:  7    Str: 31    XL:     10   Next: 3%
Magic:  7/9        EV: 13    Int:  4    God:    Okawaru [****..]
Gold:   174        SH: 10    Dex: 17    Spells: 0 memorised, 9 levels left

rFire  . . .     SeeInvis .       - Unarmed
rCold  . . .     Gourm    +     F - +1 robe {MR+}
rNeg   . . .     Faith    .     b - +0 shield
rPois  .         Spirit   .     f - +1 hat
rElec  .         Dismiss  .     (no cloak)
rCorr  .         Reflect  .     (gloves unavailable)
SustAt .         Harm     .     (boots unavailable)
MR     .....                    (no amulet)
Stlth  +++.......               (no ring)
                                (no ring)

@: mighty, agile, vulnerable, slowed, very slow, not resistant to hostile
enchantments, fairly stealthy
A: unfitting armour, claws 3, fast metabolism 3, gourmand, regeneration 2,
shaggy fur 1, tough skin 2
a: Heroism, Renounce Religion


You were on level 11 of the Dungeon.
You worshipped Okawaru.
Okawaru was greatly pleased with you.
You were full.

You visited 2 branches of the dungeon, and saw 12 of its levels.

You collected 174 gold pieces.

Inventory:

Hand Weapons
 C - a +2 scimitar of flaming
Missiles
 v - a throwing net (quivered)
 D - 3 tomahawks
Armour
 a - a +0 robe
 b - a +0 shield (worn)
 f - a +1 hat (worn)
 F - a +1 robe of magic resistance (worn)
Jewellery
 z - an uncursed ring of poison resistance {unknown}
Scrolls
 h - a scroll of magic mapping
 n - a scroll of fear {unknown}
 s - 2 scrolls of remove curse
 t - a scroll of amnesia {unknown}
 w - a scroll of blinking {unknown}
 y - a scroll of enchant armour {unknown}
 A - a scroll of teleportation {unknown}
 E - a scroll of noise {unknown}
Potions
 e - a potion of degeneration {unknown}
 i - a potion of magic
 l - 2 potions of cure mutation
 m - a potion of berserk rage {unknown}
 o - a potion of invisibility {unknown}
 p - a potion of curing
 u - a potion of ambrosia {unknown}
 B - a potion of flight {unknown}
Books
 q - a book of Frost

   Spells                             Type                      Level
   a - Freeze                         Ice                          1
   b - Throw Frost                    Conjuration/Ice              2
   c - Ozocubu's Armour               Charms/Ice                   3
   d - Throw Icicle                   Conjuration/Ice              4
   e - Summon Ice Beast               Ice/Summoning                4
 x - a book of the Dragon

   Spells                             Type                      Level
   a - Flame Tongue                   Conjuration/Fire             1
   b - Cause Fear                     Hexes                        4
   c - Bolt of Fire                   Conjuration/Fire             6
   d - Dragon Form                    Transmutation                7
   e - Dragon's Call                  Summoning                    9
Comestibles
 d - 6 bread rations
 j - a royal jelly
 k - 8 beef jerkies
 r - a slice of pizza
 G - a meat ration


   Skills:
 * Level 7.2 Fighting
 - Level 2.4 Dodging
 - Level 2.4 Shields
 - Level 12.0 Unarmed Combat


You had 9 spell levels left.
You didn't know any spells.

Dungeon Overview and Level Annotations

Branches:
Dungeon (11/15)            Temple (1/1) D:6
   Lair: D:8-11         Orc: D:9-12

Altars:
Ashenzari
Hepliaklqana
Nemelex Xobeh
Okawaru
Pakellas
Qazlal
Trog
Uskayaw
The Shining One


Innate Abilities, Weirdness & Mutations

You are too large for most types of armour.
You have claws for hands.
Your metabolism is lightning-fast.
You like to eat raw meat.
You heal very quickly.
You are covered in fur. (AC +1)
You have very tough skin. (AC +2)


Message History

Unknown command.
The death knight calls down the wrath of Yredelemnul upon you.
Your body is wracked with pain!
* * * LOW HITPOINT WARNING * * *
The death knight offers itself to Yredelemnul, and fills with unholy energy.
You feel very mighty all of a sudden. The phantasmal warrior hits you!!
* * * LOW HITPOINT WARNING * * *
Your magical defenses are stripped away!
Unknown command.
You eviscerate the phantasmal warrior!!!
The phantasmal warrior is almost destroyed.
You block the phantasmal warrior's attack.
You claw the phantasmal warrior!
You destroy the phantasmal warrior!
Okawaru accepts your kill.
Your base Fighting skill increases to level 7!
You have reached level 10!
You feel better.
You claw the freezing wraith!
The freezing wraith is lightly damaged.
You block the freezing wraith's attack. The freezing wraith hits you!
* * * LOW HITPOINT WARNING * * *
The freezing wraith drains your vigour!
You feel yourself slow down.
You mangle the freezing wraith!!
The freezing wraith is heavily damaged.
You feel like a meek peon again. The freezing wraith misses you.
You block the freezing wraith's attack.
You claw the freezing wraith!
The freezing wraith is almost destroyed.
The death knight's dark mirror aura disappears.
The freezing wraith closely misses you.
The freezing wraith hits you but does no damage.
You mangle the death knight!!
The death knight is moderately wounded.
The death knight hits you but does no damage.
You claw the death knight!
The death knight is heavily wounded.
The death knight hits you with a morningstar!!
You die...

.. .....^.##
...#.......#
..#.##.#..###
...........#####.#
#.......#.W./...#
#..#.#..#<......#
#.....WW#.#.......
##...##p#W#.###.##
#..###@#.#.# ..
#..###.#..%. #
#####..)...#....
#<...).#####. ...
#.####.# #.# #.#
#.# ..# #.# #.#
#.# #.#


You could see a death knight, a freezing wraith and a wraith.

Vanquished Creatures
  Erica (D:9)
  The ghost of Implojin the Grappler, a novice TrFi of Okawaru (D:8)
  A phantasmal warrior (D:11)
  A guardian serpent (D:9)
  A vampire (D:11)
  A black bear (D:3)
  2 orc warriors
  A phantom (D:8)
  A sky beast (D:6)
  An ogre (D:7)
  A big kobold (D:8)
  The ghost of sixel the Firebug, an amateur GrFE (D:3)
  2 giant frogs (D:8)
  10 killer bees
  2 howler monkeys (D:8)
  A crimson imp (D:9)
  3 orc priests
  A giant frog skeleton (D:7)
  5 orc wizards
  4 iguanas
  2 worker ants
  A hound skeleton (D:7)
  A howler monkey zombie (D:7)
  3 adders
  An ooze (D:1)
  23 orcs
  A ball python (D:1)
  2 giant cockroaches (D:3)
  2 goblins
  A hobgoblin (D:2)
  6 jackals
  A quokka (D:3)
  A bat (D:1)
  A jackal skeleton (D:7)
  3 kobolds
  2 quokka skeletons
  2 rats
94 creatures vanquished.

Vanquished Creatures (others)
  An orc (D:10)
1 creature vanquished.

Grand Total: 95 creatures vanquished

Notes
Turn   | Place    | Note
--------------------------------------------------------------
     0 | D:1      | Implojin the Troll Fighter began the quest for the Orb.
     0 | D:1      | Reached XP level 1. HP: 22/22 MP: 0/0
   127 | D:1      | Reached XP level 2. HP: 27/29 MP: 1/1
   168 | D:2      | Reached skill level 3 in Unarmed Combat
   349 | D:3      | Reached XP level 3. HP: 24/36 MP: 2/2
   428 | D:3      | Reached skill level 4 in Unarmed Combat
   456 | D:3      | Noticed a black bear
   457 | D:3      | Noticed sixel's ghost (amateur GrFE)
   475 | D:3      | Killed a black bear
   475 | D:3      | Reached skill level 5 in Unarmed Combat
   475 | D:3      | Reached XP level 4. HP: 41/44 MP: 3/3
   475 | D:3      | Reached XP level 5. HP: 46/50 MP: 4/4
   480 | D:3      | Killed sixel's ghost
   480 | D:3      | Reached skill level 6 in Unarmed Combat
   625 | D:4      | Noticed an orc warrior
   628 | D:4      | Reached XP level 6. HP: 53/59 MP: 5/5
   638 | D:4      | Killed an orc warrior
   638 | D:4      | Reached skill level 7 in Unarmed Combat
   701 | D:5      | Entered Level 5 of the Dungeon
   732 | D:6      | Found a staircase to the Ecumenical Temple.
   746 | Temple   | Entered the Ecumenical Temple
   753 | Temple   | Became a worshipper of Warmaster Okawaru
   832 | D:7      | Reached XP level 7. HP: 66/66 MP: 6/6
   860 | D:7      | Reached skill level 8 in Unarmed Combat
   994 | D:7      | Reached * piety under Okawaru
  1030 | D:8      | Noticed Implojin's ghost (novice TrFi)
  1041 | D:8      | Killed Implojin's ghost
  1041 | D:8      | Reached ** piety under Okawaru
  1041 | D:8      | Reached skill level 10 in Unarmed Combat
  1041 | D:8      | Reached XP level 8. HP: 31/74 MP: 4/7
  1180 | D:8      | Reached skill level 11 in Unarmed Combat
  1231 | D:9      | Noticed a guardian serpent
  1237 | D:9      | Killed a guardian serpent
  1237 | D:9      | Reached *** piety under Okawaru
  1237 | D:9      | Reached XP level 9. HP: 8/80 MP: 5/8
  1265 | D:9      | Noticed Erica
  1270 | D:8      | Reached skill level 12 in Unarmed Combat
  1370 | D:8      | Reached skill level 3 in Fighting
  1391 | D:9      | Killed Erica
  1391 | D:9      | Reached skill level 5 in Fighting
  1415 | D:10     | Entered Level 10 of the Dungeon
  1608 | D:9      | Reached skill level 6 in Fighting
  1613 | D:9      | Reached **** piety under Okawaru
  1665 | D:11     | Noticed a death knight
  1665 | D:11     | Noticed a phantasmal warrior
  1666 | D:11     | Noticed a freezing wraith
  1677 | D:11     | HP: 4/92 [phantasmal warrior[a death knight] (24)]
  1679 | D:11     | Killed a phantasmal warrior
  1679 | D:11     | Reached skill level 7 in Fighting
  1679 | D:11     | Reached XP level 10. HP: 5/102 MP: 6/9
  1685 | D:11     | Mangled by a death knight

Vault maps used:
D:1:      dpeg_arrival_more_subterranean_lakeside_camping, minivault_14
D:2:      ecumenical_altar_2
D:3:      gammafunk_temple_overflow_claw, led_sif_pool
D:4:      first_bread, minmay_misc_feat_square
D:5:      demons_altar, zin_statuary, grunt_ministairs_5, st_stairs_12,
          uniq_blork_the_orc, uniq_sigmund
D:6:      serial_undead, serial_undead_a, serial_undead_a, serial_undead_a,
          serial_undead_b
D:7:      nicolae_benzene_ring, grunt_ogre_cave
D:8:      fedhas_altar_fruit_tree, grunt_temple_overflow_open
D:9:      nrook_guardian_serpent_double, uniq_erica
D:10:     grunt_lair_entry_orc_guard_hut, erik_orc_2, serial_shops,
          kennysheep_mini, uniq_maud, uniq_sonja
D:11:     nicolae_trove_entry_free_sample, serial_shops, shop,
          corexii_corridor_pit
Temple:   cyrus_circular_temple

Skill      XL: |  1  2  3  4  5  6  7  8  9 |
---------------+----------------------------+-----
Unarmed Combat | 3 5 6 7 10 11 12 | 12.0
Fighting       | 7 |  7.2
Dodging        | |  2.4
Shields        | |  2.4

Action                   |  1- 3 |  4- 6 |  7- 9 | 10-12 || total
-------------------------+-------+-------+-------+-------++-------
Melee: Unarmed           |    61 |    62 |   149 |     5 ||   277
Invok: Heroism           |       |       |     8 |       ||     8
  Use: Potion            |     1 |       |     4 |     1 ||     6
       Scroll            |       |       |     7 |       ||     7
  Eat: Chunk             |     4 |     9 |     5 |       ||    18
Armor: Robe              |    36 |    13 |    30 |     2 ||    81
Dodge: Dodged            |    26 |    19 |    45 |     2 ||    92
Block: Shield            |    35 |    30 |    55 |     2 ||   122

Table legend:
 A = Turns spent in this place as a percentage of turns spent in the entire game.
 B = Non-inter-level travel turns spent in this place as a percentage of non-inter-level travel turns spent in the entire game.
 C = Inter-level travel turns spent in this place as a percentage of turns spent in this place.
 D = Turns resting spent in this place as a percentage of non-inter-level travel turns spent in this place.
 E = Turns spent auto-exploring this place as a percentage of non-inter-level travel turns spent in this place.
 F = Non-inter-level travel turns spent in this place divided by the number of levels of this place that you've seen.
                   A       B       C       D       E      F
               +-------+-------+-------+-------+-------+----------------------
         Total | 100.0 | 100.0 |   0.0 |   0.0 |   0.0 | 134.6
       Dungeon |  99.1 |  99.1 |   0.0 |   0.0 |   0.0 | 145.5
        Temple |   0.9 |   0.9 |   0.0 |   0.0 |   0.0 |  14.0
               +-------+-------+-------+-------+-------+----------------------

Table legend:
 A = Kills in this place as a percentage of kills in entire the game.
 B = Kills by you in this place as a percentage of kills by you in the entire game.
 C = Kills by friends in this place as a percentage of kills by friends in the entire game.
 D = Other kills in this place as a percentage of other kills in the entire game.
 E = Experience gained in this place as a percentage of experience gained in the entire game.
 F = Experience gained in this place divided by the number of levels of this place that you have seen.
                   A       B       C       D       E      F
               +-------+-------+-------+-------+-------+----------------------
         Total | 100.0 | 100.0 |  -nan |  -nan | 100.0 | 477.2
       Dungeon | 100.0 | 100.0 |  -nan |  -nan | 100.0 | 520.6
               +-------+-------+-------+-------+-------+----------------------
